 Dungeon Crawl Stone Soup version 0.30.0-5-g1a98f26d00 (webtiles) character file.

Game seed: 2209169588632253189

55 Demosthentine the Poker (level 3, -1/28 HPs)
             Began as a Demonspawn Gladiator on May 10, 2023.
             Slain by an ice beast (11 damage)
             ... on level 5 of the Dungeon.
             The game lasted 00:01:12 (1847 turns).

Demosthentine the Poker (Demonspawn Gladiator)      Turns: 1847, Time: 00:01:13

Health: -1/28      AC:  4    Str: 16    XL:     3   Next: 67%
Magic:  3/3        EV: 12    Int:  9    God:
Gold:   182        SH:  4    Dex: 14    Spells: 2/2 levels left

rFire   . . .        a - +0 trident
rCold   . . .        (no shield)
rNeg    . . .        b - +0 leather armour
rPois   +            c - +0 helmet
rElec   .            (no cloak)
rCorr   +            (no gloves)
SInv    .            (no boots)
Will    .....        (no amulet)
Stlth   +            f - ring of resist corrosion
HPRegen 0.24/turn    m - ring of poison resistance
MPRegen 0.08/turn

%: no passive effects
@: no status effects
A: powered by death 1, condensation shield
a: no special abilities


You were on level 5 of the Dungeon.
You visited 1 branch of the dungeon, and saw 4 of its levels.

You collected 182 gold pieces.

Inventory:

Hand Weapons
 a - a +0 trident (weapon)
Missiles
 e - a javelin (quivered)
Armour
 b - a +0 leather armour (worn)
 c - a +0 helmet (worn)
 i - a +0 buckler
Jewellery
 f - a ring of resist corrosion (left hand)
 m - a ring of poison resistance (right hand)
Wands
 j - a wand of flame (12)
Scrolls
 l - a scroll of identify
Potions
 g - a potion of attraction
 h - a potion of heal wounds
 k - a potion of curing


   Skills:
 + Level 2.5 Fighting
 + Level 3.1 Polearms
 - Level 1.7 Throwing
 + Level 1.3 Armour
 + Level 3.1 Dodging
 + Level 0.4 Shields


You had 2 spell levels left.
You didn't know any spells.
Your spell library contained the following spells:

 Spells                   Type           Power      Damage    Failure   Level
 Beastly Appendage        Tmut           0%         N/A       45%         1
 Kiss of Death            Conj/Necr      0%         2d5       45%         1
 Wereblood                Tmut           0%         N/A       58%         2
 Spider Form              Tmut/Pois      0%         N/A       83%         3


Dungeon Overview and Level Annotations

Branches:
Dungeon (3/15)

Altars:
Vehumet


Innate Abilities, Weirdness & Mutations

You regenerate a little health from kills.
A meltable shield of frost defends you. (SH +4)


Message History

No target in view!
A sourceless malevolence fills the Dungeon...
You fall into a shaft and drop 2 floors!
The shaft crumbles and collapses.
Found a potion of attraction, 9 gold pieces and a plate armour.
Found a stone staircase leading down.
You now have 182 gold pieces (gained 9).
An ice beast comes into view.
Found a stone staircase leading up.
Throw: 3 throwing nets
Press: ? - help, Q - select action, (/) - cycle Shift-Dir - straight line, f - ice beast
Aim: an ice beast (59% to hit)
You throw a throwing net.
The throwing net closely misses the ice beast.
Unknown command.
Throw: 2 throwing nets
Press: ? - help, Q - select action, (/) - cycle Shift-Dir - straight line, f/p - ice beast
Aim: an ice beast (59% to hit)
You throw a throwing net.
The throwing net barely misses the ice beast.
The ice beast hits you but does no damage.
Throw: throwing net
Press: ? - help, Q - select action, (/) - cycle Shift-Dir - straight line, f/p - ice beast
Aim: an ice beast (59% to hit)
You throw a throwing net.
The throwing net closely misses the ice beast.
Unknown command.
The ice beast hits you. The ice beast freezes you!
You hit the ice beast.
The ice beast is lightly wounded.
The ice beast misses you. The ice beast hits you. The ice beast freezes you!
* * * LOW HITPOINT WARNING * * *
You feel much better. The ice beast hits you. The ice beast freezes you.
You hit the ice beast but do no damage.
The ice beast is lightly wounded.
The ice beast hits you. The ice beast freezes you.
You closely miss the ice beast.
The ice beast is lightly wounded.
The ice beast hits you. The ice beast freezes you!
You die...

##.......## #.....#...#
. . ##.........## ....
##.......#...##.....
#........#.......#..
....##.....#...# .....
..............!.#......
.###....#..##..........
##.#.##....@Y...<...
#.###..............
.........[......... ##
..#..............
............$.###
...##..........# ..
......(..###
...........


You could see an ice beast.

Vanquished Creatures
  An adder (D:2)
  A worm (D:2)
  2 dart slugs
  4 endoplasms
  3 giant cockroaches
  5 goblins
  3 hobgoblins
  2 jackals (D:2)
  2 quokkas (D:2)
  4 bats (D:2)
  A frilled lizard (D:1)
  5 kobolds
  2 rats
35 creatures vanquished.

Notes
Turn   | Place    | Note
-------+----------+-------------------------------------------
     0 | D:1      | Demosthentine the Demonspawn Gladiator began the quest for
                  | the Orb.
     0 | D:1      | Reached XP level 1. HP: 16/16 MP: 1/1
   273 | D:1      | Found a faded altar of an unknown god.
   284 | D:1      | Got Plato's Almanac of Abhorrent Arts
   387 | D:1      | Gained mutation: A meltable shield of frost defends you.
                  | (SH +4) [demonic ancestry]
   387 | D:1      | Reached XP level 2. HP: 22/22 MP: 2/2
  1013 | D:2      | Reached skill level 1 in Armour
  1013 | D:2      | Gained mutation: You regenerate a little health from kills.
                  | [demonic ancestry]
  1013 | D:2      | Reached XP level 3. HP: 28/28 MP: 3/3
  1771 | D:3      | Found a radiant altar of Vehumet.
  1827 | D:3      | You fall into a shaft and drop 2 floors!
  1827 | D:5      | Entered Level 5 of the Dungeon
  1836 | D:5      | Noticed an ice beast
  1847 | D:5      | Slain by an ice beast

Illustrated notes

Levels and vault maps discovered:
D:1:      co_arrival_random_square_maze, layout_loops_corners,
          shapermc_ecumenical_altar_rom_forum, kennysheep_small_spiral,
          moated_statue
D:2:      layout_basic
D:3:      layout_basic, nicolae_overflow_crystal_walls, vehumet_altar_wand_db,
          lemuel_tele_altar, st_stairs_9
D:5:      layout_cave_pools, mainiacjoe_overflow_24_doors

Skill      XL: |  1  2 |
---------------+-------+-----
Polearms       | 3 |  3.1
Armour         | 1 |  1.3
Dodging        | 3 |  3.1
Fighting       | |  2.5
Throwing       | |  1.7
Shields        | |  0.4

Action                     || total
---------------------------++-------
  Melee: Trident           ||    98
  Throw: Throwing net      ||     3
    Use: Scroll            ||     4
         Potion            ||     1
   Stab: Sleeping          ||     3
 Armour: Leather armour    ||    26
  Dodge: Dodged            ||    41
  Block: Other             ||    11
